[Event "Early-Titled-Tuesday-Blitz-May-14-2024"]
[Site "Chess.com"]
[Date "2024.05.14"]
[Round "1"]
[White "JeFumeDesClopes"]
[Black "twitchTriniCupid"]
[Result "0-1"]
[WhiteElo "2706"]
[BlackElo "2419"]
[TimeControl "180+1"]
[EndTime "8:07:09 PDT"]
[Termination "twitchTriniCupid won by checkmate"]

1. Nf3 g6 2. e4 c6 3. d4 d5 4. Nc3 dxe4 5. Nxe4 Nf6 6. Nxf6+ exf6 7. Bd3 Bg7 8. O-O O-O 9. h3 Be6 10. c4 Nd7 11. Re1 Nb6 12. b3 Qc7 13. Bb2 Rad8 14. Rc1 Bh6 15. Rc2 Bg7 16. Rce2 Rfe8 17. Qd2 Nc8 18.
Qb4 b6 19. a4 a5 20. Qc3 Bd7 21. c5 Rxe2 22. Rxe2 Re8 23. Rxe8+ Bxe8 24. Bc4 b5 25. axb5 cxb5 26. Bf1 Ne7 27. Qe3 Bc6 28. Nd2 Nd5 29. Qg3 Nf4 30. Nf3 h5 31. Bc1 Bh6 32. Be3 a4 33. bxa4 bxa4 34. Kh2 Bxf3 35. Qxf3 Nd5+ 36.
g3 Nxe3 37. fxe3 a3 38. Qa8+ Kg7 39. Qxa3 Qe7 40. d5 Bxe3 41. d6 Qe5 42. d7 h4 43.
Qxe3 Qxe3 44. d8=Q Qf2+ 45. Bg2 hxg3+ 46. Kh1 Qe1+ 47.
Bf1 Qxf1# 0-1

[Event "Early-Titled-Tuesday-Blitz-May-14-2024"]
[Site "Chess.com"]
[Date "2024.05.14"]
[Round "1"]
[White "ketster"]
[Black "Pragmatist237"]
[Result "1-0"]
[WhiteElo "2613"]
[BlackElo "2276"]
[TimeControl "180+1"]
[EndTime "8:07:09 PDT"]
[Termination "ketster won by resignation"]

1. d4 Nf6 2. Nf3 b6 3. g3 Bb7 4.
Bg2 g6 5. O-O Bg7 6. c4 O-O 7.
Re1 d6 8. Nc3 Nbd7 9. Qc2 e5 10.
d5 a5 11. e4 Nc5 12. Bg5 h6 13. Bd2 Ne8 14. Nh4 Bc8 15. b3 Kh7 16. a3 Bf6 17.
Nf3 Bg7 18. b4 Nb7 19. Rab1 f5 20. exf5 Bxf5 21. Ne4 Nf6 22. Nh4 Qd7 23. Nxf6+ Rxf6 24. Nxf5 Qxf5 25. Qxf5 gxf5 26. f4 e4 27. g4 fxg4 28. Rxe4 Rf7 29. Re6 axb4 30. axb4 Ra2 31. Be4+ Kg8 32.
Rd1 Nd8 33. Re8+ Rf8 34. Re7 Rf7 35. Re8+ Rf8 36. Rxf8+ Kxf8 37. Bf5 h5 38. Be3 Rb2 39. Rb1 Rxb1+ 40. Bxb1 Bc3 41. c5 bxc5 42. bxc5 Kg7 43. c6 Nf7 44. Bb6 Kf6 45. Bxc7 Bd4+ 46. Kg2 Ba7 47.
Ba5 Ke7 48. Bf5 Bb8 49. c7 Bxc7 50. Bxc7 Kf6 51. Be6 Nh6 52. Bxd6 Nf5 53. Bxf5 Kxf5 54. Be5 h4 55. d6 Ke6 56. Kf2 g3+ 57. hxg3 hxg3+ 58. Kxg3 1-0

[Event "Early-Titled-Tuesday-Blitz-May-14-2024"]
[Site "Chess.com"]
[Date "2024.05.14"]
[Round "1"]
[White "tarno17"]
[Black "Shuvalov"]
[Result "1-0"]
[WhiteElo "2170"]
[BlackElo "2558"]
[TimeControl "180+1"]
[EndTime "8:07:09 PDT"]
[Termination "tarno17 won on time"]

1. e4 e6 2. d4 d5 3. Nd2 c5 4.
exd5 exd5 5. Bb5+ Nc6 6. Ne2 a6 7. Bxc6+ bxc6 8. O-O Nf6 9. Nf3 Be7 10. Bg5 O-O 11.
h3 h6 12. Bh4 Re8 13. Ne5 Qc7 14. c3 c4 15. Nf4 g5 16. Bg3 gxf4 17. Bxf4 Bd6 18.
Re1 Bf5 19. Re3 Ne4 20. Qh5 Bh7 21. f3 Ng5 22. Qxh6 Ne6 23. Bh2 Bf8 24. Qh4 Qe7 25. Qg3+ Bg7 26. Ng4 Kh8 27. Rae1 Qf8 28. Ne5 Bh6 29.
R3e2 1-0

[Event "Early-Titled-Tuesday-Blitz-May-14-2024"]
[Site "Chess.com"]
[Date "2024.05.14"]
[Round "1"]
[White "GMG"]
[Black "Happy1712Drummer"]
[Result "1-0"]
[WhiteElo "2772"]
[BlackElo "2442"]
[TimeControl "180+1"]
[EndTime "8:07:10 PDT"]
[Termination "GMG won by checkmate"]

1. Nf3 c5 2. c4 Nc6 3. d4 cxd4 4. Nxd4 g6 5. g3 Bg7 6. Nc2 d6 7. Bg2 Bd7 8. O-O Rc8 9. Ne3 Nf6 10. Nc3 O-O 11. Qd2 Qa5 12. Rb1 b6 13. b3 Ng4 14.
Bb2 Nxe3 15. Qxe3 Bf5 16. Rbc1 Rfe8 17. h3 h5 18. Qd2 a6 19. Rfd1 b5 20. Nd5 bxc4 21.
Bxg7 Qxd2 22. Rxd2 Kxg7 23. Rxc4 Be6 24. Ra4 a5 25.
Nb6 Rb8 26. Bxc6 Red8 27. Nc4 Rdc8 28. Bd5 Bf5 29. Rxa5 Bxh3 30. Kh2 Bf5 31. Ra7 e6 32. Bf3 d5 33. Nd6 Rc1 34. Rxf7+ Kh6 35. Nxf5+ gxf5 36. Rf6+ Kg5 37. Rxe6 Rbc8 38. Rxd5 h4 39. g4 Rf1 40. Rxf5# 1-0

[Event "Early-Titled-Tuesday-Blitz-May-14-2024"]
[Site "Chess.com"]
[Date "2024.05.14"]
[Round "1"]
[White "The_Machine04"]
[Black "David_George21"]
[Result "0-1"]
[WhiteElo "2661"]
[BlackElo "2377"]
[TimeControl "180+1"]
[EndTime "8:07:11 PDT"]
[Termination "David_George21 won by checkmate"]

1. d4 Nf6 2. Nf3 e6 3. Nbd2 c5 4. e3 d5 5. c3 Nc6 6. Bd3 Bd6 7.
O-O O-O 8. dxc5 Bxc5 9. b4 Bd6 10.
Bb2 Qc7 11. a3 a5 12. b5 Ne5 13. Nxe5 Bxe5 14. Nf3 Bd6 15. c4 dxc4 16. Bxc4 Rd8 17. Qc2 Nd5 18. Rac1 Qe7 19. Bxd5 exd5 20. Qc3 f6 21. a4 Bg4 22. Qb3 Bxf3 23. gxf3 Kh8 24. Rfd1 Qe6 25. Kg2 Be5 26. Bxe5 fxe5 27. Qd3 Rd6 28.
Kf1 Rf8 29. Ke2 Qh3 30. e4 d4 31. Rc5 Rdf6 32. Rxe5 Rxf3 33. Qxd4 Rxf2+ 34. Qxf2 Rxf2+ 35. Kxf2 Qxh2+ 36. Ke3 Qg3+ 37. Kd4 h6 38. Rd3 Qf2+ 39. Kd5 Qa2+ 40. Kd6 Qxa4 41. Red5 Qb4+ 42. Kc7 Qxe4 43. Kxb7 a4 44. b6 a3 45. Kc7 a2 46. Rd8+ Kh7 47.
Ra3 Qe7+ 48. Kc8 Qxa3 49. b7 Qc5+ 50. Kd7 Qd5+ 51. Kc7 Qxb7+ 52. Kxb7 a1=Q 53. Kc7 Qa5+ 54. Kd7 Qxd8+ 55. Kxd8 g5 56. Ke7 g4 57. Kf6 g3 58.
Kf5 g2 59. Kg4 g1=Q+ 60. Kh5 Qg5# 0-1

[Event "Early-Titled-Tuesday-Blitz-May-14-2024"]
[Site "Chess.com"]
[Date "2024.05.14"]
[Round "1"]
[White "DumbKing75"]
[Black "rhwr"]
[Result "1-0"]
[WhiteElo "2658"]
[BlackElo "2335"]
[TimeControl "180+1"]
[EndTime "8:07:11 PDT"]
[Termination "DumbKing75 won by resignation"]

1. e4 c5 2. Nf3 d6 3. d4 cxd4 4.
Nxd4 Nf6 5. Nc3 e5 6. Bb5+ Bd7 7. Nf5 Bxb5 8. Nxb5 d5 9. exd5 Qd7 10. Qd3 a6 11.
Nc3 Bb4 12. Ne3 O-O 13. O-O Bxc3 14. bxc3 b5 15. Rd1 Rd8 16. c4 e4 17. Qd4 Nc6 18.
Qc3 b4 19. Qe1 Ne5 20. Qxb4 Rab8 21. Qc3 Ng6 22. c5 Nf4 23. Qc4 Qb5 24. Qxb5 Rxb5 25. c6 N6xd5 26. c4 Ne2+ 27. Kf1 Nec3 28. cxb5 Nxe3+ 29. Bxe3 Nxd1 30. c7 Nxe3+ 31. fxe3 Rc8 32. Rd1 g6 33. Rd8+ Kg7 34. Rxc8 1-0

[Event "Early-Titled-Tuesday-Blitz-May-14-2024"]
[Site "Chess.com"]
[Date "2024.05.14"]
[Round "1"]
[White "JaloliddinIlkhomi"]
[Black "MaxLeto"]
[Result "1-0"]
[WhiteElo "2755"]
[BlackElo "2422"]
[TimeControl "180+1"]
[EndTime "8:07:12 PDT"]
[Termination "JaloliddinIlkhomi won on time"]

1. Nf3 d5 2. d4 Nf6 3. Bf4 c5 4. e3 Nc6 5. c3 Qb6 6. Qc2 Bf5 7. dxc5 Bxc2 8. cxb6 a6 9. Nbd2 e6 10. Nd4 Ba4 11.
Nxc6 Bxc6 12. Nb3 Nd7 13. Bc7 Nc5 14. Be2 Kd7 15. O-O Bd6 16. Nxc5+ Bxc5 17. c4 Bd6 18. cxd5 Bxd5 19. Bxd6 Kxd6 20. Rfd1 Kc6 21. Bf3 Rhd8 22. e4 Bc4 23. Rdc1 Kb5 24. b3 Bd3 25. Rc7 Kxb6 26. Rxf7 Rac8 27. e5 Rc7 28. Rxc7 Kxc7 29.
Rc1+ Kb6 30. Rd1 Kc7 31. Rc1+ Kb6 32. Rd1 Kc7 33. Bg4 Bf5 34. Rxd8 Kxd8 35. Bxf5 exf5 36. f4 1-0

[Event "Early-Titled-Tuesday-Blitz-May-14-2024"]
[Site "Chess.com"]
[Date "2024.05.14"]
[Round "1"]
[White "MarcoRiehle"]
[Black "Aisen1011"]
[Result "1-0"]
[WhiteElo "2797"]
[BlackElo "2457"]
[TimeControl "180+1"]
[EndTime "8:07:13 PDT"]
[Termination "MarcoRiehle won by resignation"]

1. e4 d5 2. exd5 Qxd5 3. Nc3 Qe5+ 4. Be2 Bg4 5. d4 Bxe2 6. Ngxe2 Qa5 7. O-O Nf6 8. Bf4 Nc6 9. Qe1 O-O-O 10. a3 Nxd4 11.
Nxd4 Rxd4 12. Be3 Rd7 13. b4 Qh5 14. h3 e6 15. b5 Bc5 16. a4 Rhd8 17. a5 Qe5 18. Bxc5 Qxc5 19. Ne4 Nxe4 20. Qxe4 Qd5 21. Qxh7 Qxb5 22. a6 b6 23. Qxg7 f5 24. Qg3 Qc6 25.
Rfe1 Rd2 26. c3 R2d3 27. Qe5 R3d6 28. Re3 Rg8 29. g3 Qd7 30. Rae1 Re8 31. Qxf5 Rd1 32.
Qf3 Rxe1+ 33. Rxe1 c6 34. Rd1 Qc7 35. h4 e5 36. h5 Kb8 37. h6 e4 38. Qf4 Qxf4 39.
gxf4 Re6 40. h7 Rg6+ 41. Kf1 Rh6 42. Rd7 Kc8 43. Rxa7 1-0

[Event "Early-Titled-Tuesday-Blitz-May-14-2024"]
[Site "Chess.com"]
[Date "2024.05.14"]
[Round "1"]
[White "MathiasWomacka"]
[Black "jefferyx"]
[Result "0-1"]
[WhiteElo "2545"]
[BlackElo "3092"]
[TimeControl "180+1"]
[EndTime "8:07:14 PDT"]
[Termination "jefferyx won on time"]

1. e4 c5 2. Nf3 d6 3. d4 cxd4 4. Nxd4 Nf6 5. Nc3 a6 6. Be2 e5 7. Nb3 Be7 8. O-O O-O 9. Kh1 b5 10. a4 b4 11. Nd5 Bb7 12. Be3 Nxd5 13. exd5 Nd7 14. a5 Bg5 15. Bxg5 Qxg5 16. Ra4 Nf6 17. Bc4 Qh4 18. Rxb4 Bxd5 19. Bxd5 Qxb4 20. Bxa8 Rxa8 21.
Qd2 Qc4 22. Rd1 d5 23. Qd3 Qb4 24. h3 h6 25. Kg1 Rc8 26. Rd2 Rc4 27. Qe3 Re4 28.
Qf3 Re1+ 29. Kh2 Qc4 30. Qf5 Ne4 31. Rd3 Nd6 32. Qd7 Qf4+ 33. Rg3 Qxf2 34. Rg4 Nf5 0-1

[Event "Early-Titled-Tuesday-Blitz-May-14-2024"]
[Site "Chess.com"]
[Date "2024.05.14"]
[Round "1"]
[White "Pomegranate988"]
[Black "MiguelBestard1981"]
[Result "1/2-1/2"]
[WhiteElo "2641"]
[BlackElo "2337"]
[TimeControl "180+1"]
[EndTime "8:07:15 PDT"]
[Termination "Game drawn by repetition"]

1. Nf3 d5 2. g3 Bf5 3. Bg2 h6 4.
c4 c6 5. Qb3 Qb6 6. Qxb6 axb6 7. cxd5 cxd5 8. Nc3 e6 9. Nd4 Bh7 10. Ndb5 Na6 11. d3 Nf6 12. Bf4 Be7 13. Nd6+ Bxd6 14. Bxd6 Kd7 15. Be5 Nb4 16. Kd2 Nc6 17. Bxf6 gxf6 18.
a3 Nd4 19. Rad1 Rhc8 20. e3 Nb3+ 21. Kc2 Nc5 22. Bf1 Na4 23. Kb3 Nxc3 24. bxc3 Ra5 25. d4 Be4 26. Rg1 Bf3 27. Ra1 h5 28. a4 Rg8 29.
Bb5+ Ke7 30. Rac1 f5 31. Kb4 Raa8 32. c4 dxc4 33. Rxc4 Rac8 34. Rgc1 Rxc4+ 35. Rxc4 Kd6 36. h4 Bc6 37. Rc1 Ra8 38. Rc3 Ra5 39. Rc2 Bxb5 40. axb5 Kd7 41. Rd2 Ra1 42. d5 e5 43. d6 Rb1+ 44.
Kc4 Rc1+ 45. Kb4 Rc5 46. f4 f6 47. Rd1 Rc2 48. Rd3 Rb2+ 49. Kc4 Rc2+ 50. Kb4 Rb2+ 51. Kc4 Rc2+ 52. Kb4 1/2-1/2

[Event "Early-Titled-Tuesday-Blitz-May-14-2024"]
[Site "Chess.com"]
[Date "2024.05.14"]
[Round "1"]
[White "Shiner22"]
[Black "Zq1"]
[Result "0-1"]
[WhiteElo "2293"]
[BlackElo "2619"]
[TimeControl "180+1"]
[EndTime "8:07:16 PDT"]
[Termination "Zq1 won by resignation"]

1. e4 c5 2. d4 cxd4 3. c3 dxc3 4. Nxc3 d6 5. Bc4 e6 6. Nf3 a6 7. O-O Be7 8. Qe2 b5 9. Bb3 Nf6 10. Rd1 Nbd7 11. e5 dxe5 12. Nxe5 Qb6 13. Be3 Qb7 14.
Nxf7 Kxf7 15. Bxe6+ Kxe6 16. Bc5+ Ne5 17. Bxe7 Qxe7 18. f4 Qc5+ 19. Kh1 Ng4 20. h3 Nf2+ 21. Kh2 Nxd1 22. Rxd1 Bb7 23. Nd5 Rhc8 24. Qxe5+ Kf7 25. Qf5+ Kg8 26. b4 Qf8 27. Qe6+ Qf7 28. Ne7+ Kf8 29.
Qxf7+ Kxf7 30. Nxc8 Bxc8 31. Rd8 Ke7 32. Rg8 Kf6 33. g4 Bb7 34. g5+ Kf7 35. Rxa8 Bxa8 36. f5 Be4 0-1

[Event "Early-Titled-Tuesday-Blitz-May-14-2024"]
[Site "Chess.com"]
[Date "2024.05.14"]
[Round "1"]
[White "Iunusovnuriddin"]
[Black "MalyDominator"]
[Result "0-1"]
[WhiteElo "2332"]
[BlackElo "2658"]
[TimeControl "180+1"]
[EndTime "8:07:17 PDT"]
[Termination "MalyDominator won by resignation"]

1. e4 c5 2. c3 Nf6 3. e5 Nd5 4. d4 cxd4 5. Qxd4 e6 6. Nf3 Nc6 7.
Qe4 f5 8. Qe2 b5 9. g3 a5 10. Bg2 Rb8 11. O-O Be7 12. Nbd2 O-O 13. Nb3 Qb6 14. Nbd4 Ba6 15. Rd1 Rfc8 16. Nxf5 Bc5 17.
Rxd5 exd5 18. Ng5 Nd8 19. Bxd5+ Kh8 20. Qh5 Qg6 21. Qxg6 hxg6 22. Nh4 Rb6 23. Nf7+ Nxf7 24. Bxf7 Bxf2+ 25. Kxf2 Rf8 26. Bf4 Rxf7 27. Nf3 Kg8 28.
Rd1 b4 29. Ng5 Re7 30. e6 Bb5 31. Bd6 Re8 32. e7 bxc3 33. bxc3 Bc6 34. Rd2 Rb5 35. Nh3 Rd5 36. Rxd5 Bxd5 37. a3 Bf7 38. Nf4 Rc8 39. Ne2 Rc6 40. Ke3 Rxd6 0-1

[Event "Early-Titled-Tuesday-Blitz-May-14-2024"]
[Site "Chess.com"]
[Date "2024.05.14"]
[Round "1"]
[White "valik3504"]
[Black "FXDon77"]
[Result "1/2-1/2"]
[WhiteElo "2523"]
[BlackElo "2884"]
[TimeControl "180+1"]
[EndTime "8:07:18 PDT"]
[Termination "Game drawn by repetition"]

1. Nf3 d5 2. c4 e6 3. d4 Nf6 4. Bg5 Bb4+ 5. Nbd2 h6 6. Bxf6 Qxf6 7.
Qa4+ Nc6 8. e3 O-O 9. cxd5 exd5 10. Bb5 Bd7 11. Bxc6 Bxd2+ 12. Nxd2 Bxc6 13. Qb3 a5 14.
a3 a4 15. Qb4 Ra6 16. O-O Rb6 17. Qc3 Rc8 18. Rfc1 Bd7 19. Nf3 c6 20. Ne5 Bf5 21. Qd2 Rb3 22. Rc3 Qd6 23. Rxb3 axb3 24. Qb4 Qxb4 25.
axb4 b6 26. g4 Bc2 27. Ra6 c5 28. bxc5 bxc5 29. Nc6 Kf8 30. dxc5 Ke8 31. Rb6 Kd7 32. Ne5+ Ke7 33. Nc6+ Kd7 34. Ne5+ Ke7 35. Nc6+ Kd7 1/2-1/2

[Event "Early-Titled-Tuesday-Blitz-May-14-2024"]
[Site "Chess.com"]
[Date "2024.05.14"]
[Round "1"]
[White "AnishOnYoutube"]
[Black "Herzog2012"]
[Result "1-0"]
[WhiteElo "3012"]
[BlackElo "2539"]
[TimeControl "180+1"]
[EndTime "8:07:19 PDT"]
[Termination "AnishOnYoutube won by resignation"]

1. Nf3 Nf6 2. c4 e6 3. Nc3 d5 4. e3 Be7 5. b3 O-O 6. Bb2 c5 7. cxd5 Nxd5 8. Qc2 Nc6 9. h4 f5 10. a3 Bf6 11. Rd1 b6 12. Nxd5 exd5 13. Bb5 Bd7 14. O-O Nb4 15. axb4 Bxb5 16. Bxf6 Qxf6 17. Rfe1 cxb4 18.
Nd4 Rac8 19. Qa2 Bd3 20. Qxa7 f4 21. f3 Qxh4 22. Qd7 Rcd8 23. Qe6+ Kh8 24. Rc1 Rf6 25. Qg4 Qxg4 26. fxg4 h6 27. Rc7 fxe3 28. Rxe3 Be4 29. d3 Bg6 30. Ree7 Rg8 31. Ne6 Bxd3 32. Nxg7 d4 33.
Nh5 Rf1+ 34. Kh2 Rxg4 35. Re8+ Rg8 36. Re6 Rg4 37. Rxh6+ Kg8 38. Nf6+ Rxf6 39. Rxf6 Be2 40. Re6 1-0

[Event "Early-Titled-Tuesday-Blitz-May-14-2024"]
[Site "Chess.com"]
[Date "2024.05.14"]
[Round "1"]
[White "AradNazari"]
[Black "szachmistrz2500"]
[Result "1-0"]
[WhiteElo "2809"]
[BlackElo "2466"]
[TimeControl "180+1"]
[EndTime "8:07:19 PDT"]
[Termination "AradNazari won by checkmate"]

1. e4 c5 2. Nf3 d6 3. Bb5+ Bd7 4.
Bxd7+ Qxd7 5. O-O Nc6 6. c3 Nf6 7. Re1 e6 8. d4 cxd4 9. cxd4 d5 10. e5 Ne4 11. a3 Be7 12. Qd3 Rc8 13. Nbd2 Nxd2 14.
Bxd2 O-O 15. h4 f6 16. exf6 Bxf6 17. Re3 Rce8 18. Rae1 a6 19. b4 Qf7 20. R1e2 Qh5 21. g3 Qg4 22. Bc3 Qh3 23. Nh2 Bd8 24. g4 Qxh4 25. Rh3 Qf6 26. Qxh7+ Kf7 27. Rf3 Rh8 28. Qd3 Bc7 29. Rxf6+ gxf6 30. f3 Rh3 31. Nf1 Reh8 32. Qe3 e5 33. a4 Bb6 34. Kg2 Nxd4 35. Bxd4 Bxd4 36. Qd3 Rh1 37. Rf2 Bxf2 38. Qxd5+ Kg6 39. Qe4+ Kg5 40. Qf5+ Kh6 41. Qxf6+ Kh7 42. Qf7+ Kh6 43.
Kxh1 Kg5+ 44. Kg2 Be3 45. Qf5+ Kh6 46. Qf6+ Kh7 47. Qf7+ Kh6 48. Ng3 Bf4 49. Nf5+ Kg5 50. Qg7# 1-0

[Event "Early-Titled-Tuesday-Blitz-May-14-2024"]
[Site "Chess.com"]
[Date "2024.05.14"]
[Round "1"]
[White "RamonManon0g"]
[Black "Saxar85"]
[Result "0-1"]
[WhiteElo "2435"]
[BlackElo "2769"]
[TimeControl "180+1"]
[EndTime "8:07:19 PDT"]
[Termination "Saxar85 won by resignation"]

1. e4 c5 2. Nf3 Nc6 3. d4 cxd4 4.
Nxd4 e5 5. Nb5 d6 6. N1c3 a6 7. Na3 Be6 8. Nd5 Nf6 9. Bg5 Bxd5 10. exd5 Ne7 11. Bxf6 gxf6 12. c4 f5 13. Bd3 Bg7 14. Rb1 e4 15. Bc2 O-O 16. O-O Ng6 17. Qh5 Qf6 18.
b4 Rac8 19. Ba4 Nf4 20. Qd1 Qg5 21. g3 Nd3 22. h4 Qg6 23. Bc2 Ne5 24. Qe2 Rfe8 25. c5 dxc5 26. bxc5 Rxc5 27. Rxb7 Nf3+ 28. Kg2 Nxh4+ 29. Kh2 Nf3+ 30. Kg2 f4 31. Rh1 Nd4 32. Qd1 Nxc2 33. Nxc2 e3 34. Ne1 exf2 35. Kxf2 Qxg3+ 36. Kf1 f3 37. Qd2 Rxd5 38. Qf2 Qxf2+ 39. Kxf2 Rd1 40. Rg1 Kf8 41. Rb2 Bxb2 42. Kxf3 Rdxe1 43. Rg2 R1e3+ 0-1

[Event "Early-Titled-Tuesday-Blitz-May-14-2024"]
[Site "Chess.com"]
[Date "2024.05.14"]
[Round "1"]
[White "GeorgiosSouleidis"]
[Black "Khromkin"]
[Result "1-0"]
[WhiteElo "2688"]
[BlackElo "2374"]
[TimeControl "180+1"]
[EndTime "8:07:19 PDT"]
[Termination "GeorgiosSouleidis won on time"]

1. e4 c5 2. Be2 Nc6 3. d3 g6 4.
f4 Bg7 5. Nf3 e6 6. O-O Rb8 7.
c3 b5 8. a3 Nge7 9. Be3 d6 10.
d4 cxd4 11. cxd4 d5 12. e5 Nf5 13. Bf2 h5 14. Nc3 a6 15. Rc1 Bd7 16. b4 Qb6 17. Qd2 O-O 18. g3 Rbc8 19. h3 Rc7 20.
g4 hxg4 21. hxg4 Nh6 22. Nh2 Rfc8 23. Be3 f6 24. Kg2 Nf7 25. Nf3 g5 26. exf6 Bxf6 27. fxg5 Bg7 28. Bd3 Ne7 29. Ne2 Nd6 30. Rxc7 Rxc7 31.
Bb1 Nc4 32. Qd3 Nxe3+ 33. Qxe3 Be8 34. Nf4 Rc4 35. Nxe6 Qd6 36. Nxg7 Kxg7 37. Ne5 Rc7 38. Qf4 Ng6 39. Bxg6 Bxg6 40. Qf6+ 1-0

[Event "Early-Titled-Tuesday-Blitz-May-14-2024"]
[Site "Chess.com"]
[Date "2024.05.14"]
[Round "1"]
[White "SchmakAttack"]
[Black "Juicy_Fork"]
[Result "1-0"]
[WhiteElo "2788"]
[BlackElo "2451"]
[TimeControl "180+1"]
[EndTime "8:07:20 PDT"]
[Termination "SchmakAttack won by resignation"]

1. e4 e5 2. Nf3 Nc6 3. d4 exd4 4. Nxd4 Qf6 5. Nb3 Qg6 6. Nc3 Bb4 7. Bd2 Nf6 8. f3 O-O 9. a3 Bxc3 10. Bxc3 Re8 11.
Kf2 d6 12. Nd4 Ne5 13. Nb5 Re7 14. Bxe5 dxe5 15. Qd8+ Re8 16. Qxc7 Bd7 17. Nd6 Rac8 18. Nxc8 Rxc8 19. Qa5 Rxc2+ 20. Be2 Qg5 21. Qd8+ Be8 22. Rhd1 h6 23. g3 Kh7 24. a4 Qh5 25. h4 g5 26. Rd2 Rxd2 27. Qxd2 gxh4 28. g4 Qg6 29. Rh1 Bc6 30. Rxh4 Bxe4 31. g5 Nh5 32. fxe4 hxg5 33.
Rxh5+ 1-0

[Event "Early-Titled-Tuesday-Blitz-May-14-2024"]
[Site "Chess.com"]
[Date "2024.05.14"]
[Round "1"]
[White "BestStelker"]
[Black "rudolfjun2005"]
[Result "1/2-1/2"]
[WhiteElo "2733"]
[BlackElo "2428"]
[TimeControl "180+1"]
[EndTime "8:07:20 PDT"]
[Termination "Game drawn by repetition"]

1. e4 c5 2. Nf3 Nc6 3. Bb5 g6 4.
O-O Bg7 5. Re1 e5 6. Bxc6 dxc6 7.
d3 Qe7 8. a4 Nf6 9. a5 Bg4 10. h3 Bxf3 11. Qxf3 Nd7 12. Nd2 Nf8 13. Nc4 Ne6 14. Qg3 O-O 15. c3 f6 16. b3 Rad8 17.
Ba3 Rd7 18. Rad1 Rfd8 19. Bc1 Nc7 20. f4 exf4 21. Bxf4 Nb5 22. e5 Nxc3 23. Rd2 Qe6 24. exf6 Qxf6 25. Bg5 Qd4+ 26. Kh1 Bf6 27. Ne5 Bxg5 28.
Qxg5 Re8 29. Nf3 Rxe1+ 30. Nxe1 Qd5 31. Qf6 Rf7 32. Qxc3 Rf1+ 33. Kh2 Qd6+ 34. g3 Rxe1 35. Rf2 Re8 36. Qd2 Rd8 37. Rf3 Re8 38. Qf2 Qe6 39. h4 Qe2 40. Rf8+ Kg7 41. Rf7+ Kg8 42. Rf8+ Kg7 43.
Rf7+ Kg8 44. Rf8+ 1/2-1/2

[Event "Early-Titled-Tuesday-Blitz-May-14-2024"]
[Site "Chess.com"]
[Date "2024.05.14"]
[Round "1"]
[White "tandaleo"]
[Black "DonJuanEGenaro"]
[Result "1-0"]
[WhiteElo "2557"]
[BlackElo "2009"]
[TimeControl "180+1"]
[EndTime "8:07:20 PDT"]
[Termination "tandaleo won on time"]

1. d4 d5 2. Nf3 Nf6 3. e3 e6 4.
Bd3 c5 5. b3 Nc6 6. Bb2 cxd4 7.
exd4 Bd6 8. O-O O-O 9. Nbd2 Re8 10. Ne5 Qb6 11. Ndf3 Ne4 12. Re1 Bxe5 13. Bxe4 dxe4 14.
Nxe5 Nxe5 15. dxe5 Rd8 16. Qe2 Bd7 17. Ba3 Bc6 18. Bd6 Rd7 19. c4 Rad8 20. c5 Qb4 21. Qe3 Bd5 22. Red1 a5 23. Rd4 Qb5 24. Rc1 Ra8 25.
Qd2 b6 26. Rxd5 exd5 27. c6 Rdd8 28. c7 Rdc8 29. Rd1 a4 30. b4 a3 31. Qxd5 Qe2 32. h3 e3 33. fxe3 Qxe3+ 34. Kh1 Re8 35. Rf1 1-0

[Event "Early-Titled-Tuesday-Blitz-May-14-2024"]
[Site "Chess.com"]
[Date "2024.05.14"]
[Round "1"]
[White "ajeale2"]
[Black "Zurability"]
[Result "1-0"]
[WhiteElo "2488"]
[BlackElo "2805"]
[TimeControl "180+1"]
[EndTime "8:07:22 PDT"]
[Termination "ajeale2 won on time"]

1. b3 d5 2. Bb2 Nf6 3. Nf3 Bg4 4.
e3 Nbd7 5. h3 Bh5 6. g4 Bg6 7.
Bg2 e6 8. O-O Bd6 9. d3 e5 10.
c4 c6 11. d4 e4 12. Ne5 Qe7 13. cxd5 Nxe5 14. dxe5 Bxe5 15. Nc3 Rd8 16. Qe2 Nxd5 17.
Nxd5 Rxd5 18. Rfd1 Bxb2 19. Qxb2 Rd3 20. Qxg7 Rf8 21.
Bf1 Rxd1 22. Rxd1 f5 23. Qd4 fxg4 24. hxg4 h5 25. Qxa7 Kf7 26. Qd4 Kg8 27. gxh5 Qg5+ 28. Bg2 Bxh5 29. Qc4+ Kh8 30. Qd4+ Kh7 31. Qxe4+ Kg8 32.
Rd7 Qh6 33. Qh4 Qg6 34. Rd4 1-0

[Event "Early-Titled-Tuesday-Blitz-May-14-2024"]
[Site "Chess.com"]
[Date "2024.05.14"]
[Round "1"]
[White "DrKerfuffle"]
[Black "Tigranpatagonian"]
[Result "1-0"]
[WhiteElo "2689"]
[BlackElo "2377"]
[TimeControl "180+1"]
[EndTime "8:07:22 PDT"]
[Termination "DrKerfuffle won on time"]

1. e4 e6 2. d4 d5 3. exd5 exd5 4. c4 Nf6 5. Nc3 Be7 6. Nf3 O-O 7. Bd3 dxc4 8.
Bxc4 Bg4 9. O-O Nbd7 10. Re1 Nb6 11. Bb3 c6 12. h3 Bh5 13. g4 Bg6 14. Ne5 Nfd5 15.
Qf3 Bf6 16. Ne4 Bxe4 17. Rxe4 Qd6 18. g5 Bxe5 19. dxe5 Qd7 20. Rh4 g6 21. Be3 Rfe8 22. Bd4 c5 23. Bxc5 Rxe5 24. Rg4 Rae8 25. Bd4 Rf5 26.
Qg3 Nc7 27. Rd1 Nbd5 28. Qh4 Ne6 29. Bf6 h5 30. Rg3 Nef4 31. Bxd5 Rxd5 32. Qxf4 Rxd1+ 33. Kh2 Ree1 34. Qb8+ Re8 35. Qf4 Qd5 36. Rf3 1-0

[Event "Early-Titled-Tuesday-Blitz-May-14-2024"]
[Site "Chess.com"]
[Date "2024.05.14"]
[Round "1"]
[White "yaguigor"]
[Black "aljado"]
[Result "1-0"]
[WhiteElo "2572"]
[BlackElo "2139"]
[TimeControl "180+1"]
[EndTime "8:07:22 PDT"]
[Termination "yaguigor won by resignation"]

1. Nf3 Nf6 2. c4 g6 3. Nc3 Bg7 4. e4 d6 5. d4 O-O 6. Be2 e5 7.
O-O Nc6 8. d5 Ne7 9. b4 Nh5 10.
Re1 f5 11. Ng5 Nf4 12. Bf3 h6 13. Ne6 Nxe6 14. dxe6 Bxe6 15. exf5 Nxf5 16. Bxb7 Rb8 17. Bd5 Qf6 18. b5 Nd4 19. Ne4 Qf5 20. Bxe6+ Qxe6 21. Qd3 Qg4 22. Kh1 Qe6 23. Be3 d5 24. cxd5 Qxd5 25.
a4 Rbd8 26. Rac1 Rf7 27. Rc5 Qa2 28. Qc4 Qxc4 29. Rxc4 Rfd7 30. h3 Kh7 31. Nc5 Rf7 32. Na6 Rdd7 33. Rec1 Nb3 34. Re1 Nd4 35. Rd1 Ne2 36.
Rxd7 Rxd7 37. Rxc7 Rd1+ 38. Kh2 Ra1 39. Rxa7 Rxa4 40. b6 e4 41. Nc5 Kg8 42. Nxa4 1-0

[Event "Early-Titled-Tuesday-Blitz-May-14-2024"]
[Site "Chess.com"]
[Date "2024.05.14"]
[Round "1"]
[White "Maluco_do_Natal_00"]
[Black "killer_dreams"]
[Result "1/2-1/2"]
[WhiteElo "2026"]
[BlackElo "2549"]
[TimeControl "180+1"]
[EndTime "8:07:22 PDT"]
[Termination "Game drawn by repetition"]

1. e4 c5 2. Nf3 d6 3. d4 cxd4 4. Nxd4 Nf6 5. Nc3 a6 6. Be3 e5 7. Nb3 Be7 8. f3 Be6 9. Qd2 h5 10. h3 h4 11. O-O-O Nbd7 12. Kb1 Rc8 13. f4 b5 14. f5 Bc4 15. a3 Nb6 16. Na5 Bxf1 17. Rhxf1 Qc7 18. Qf2 Nc4 19. Nxc4 Qxc4 20. Bg5 O-O 21.
Rfe1 b4 22. axb4 Qxb4 23. Rd3 Rb8 24. b3 Rfd8 25. Bxf6 Bxf6 26. Nd5 Qc5 27. Nxf6+ gxf6 28. Qxh4 Kg7 29. Rg3+ Kf8 30. Qxf6 Qd4 31. Rg7 Rd7 32.
Rh7 Rxb3+ 33. cxb3 Qd3+ 34. Ka2 Qd2+ 35. Ka3 Qa5+ 36.
Kb2 Qd2+ 37. Ka3 Qa5+ 38. Kb2 Qd2+ 39. Ka3 1/2-1/2

[Event "Early-Titled-Tuesday-Blitz-May-14-2024"]
[Site "Chess.com"]
[Date "2024.05.14"]
[Round "1"]
[White "Aslanov_Umid"]
[Black "Fjal"]
[Result "0-1"]
[WhiteElo "2626"]
[BlackElo "2336"]
[TimeControl "180+1"]
[EndTime "8:07:24 PDT"]
[Termination "Fjal won by checkmate"]

1. e4 d6 2. d4 g6 3. Nc3 Bg7 4. f4 Nd7 5. Nf3 c5 6. Be3 a6 7. a4 b6 8. Bd3 Bb7 9. O-O Ngf6 10. e5 Nd5 11. Nxd5 Bxd5 12. c4 Bb7 13. exd6 exd6 14. d5 O-O 15. Qc2 b5 16. cxb5 axb5 17. Bxb5 Bxd5 18.
Rad1 Nf6 19. Nd2 Ng4 20. Bf2 Nxf2 21. Kxf2 Bd4+ 22. Kg3 h5 23. Nf3 Bxf3 24. gxf3 Qf6 25. f5 Bxb2 26. Kg2 g5 27. Kh1 Bd4 28. Bc6 Rab8 29. Rb1 Kg7 30. a5 Rfc8 31. Bd5 Qe5 32.
Qe4 Rxb1 33. Rxb1 c4 34. Rb7 c3 35. f6+ Kh8 36. Qc2 g4 37. Rxf7 Qe1+ 38. Kg2 Qg1# 0-1